 Dungeon Crawl Stone Soup version 0.23-a0-4-g8f018a2 (webtiles) character file.

498 poirepourri the Slasher (level 7, -2/46 HPs)
             Began as an Octopode Fighter on July 31, 2018.
             Slain by an orc priest
             ... wielding a +0 hand axe
              (6 damage)
             ... on level 4 of the Dungeon.
             The game lasted 00:03:19 (3447 turns).

poirepourri the Slasher (Octopode Fighter)          Turns: 3447, Time: 00:03:20

Health: -2/46      AC:  1    Str: 12 (15) XL:     7   Next: 16%
Magic:  7/7        EV: 11    Int:  5 (7)  God:
Gold:   145        SH:  8    Dex: 11 (14) Spells: 6/6 levels left

rFire    x . .     SeeInvis .   a - +1 long sword
rCold    + . .     Gourm    .   b - +0 shield
rNeg     . . .     Faith    .   (helmet restricted)
rPois    .         Spirit   .   (no amulet)
rElec    .         Reflect  .   c - ring of ice
rCorr    .         Harm     .   i - -3 ring of intelligence (curse)
MR       .....                  (no ring)
Stlth    ++........             (no ring)
HPRegen  0.15/turn              (no ring)
MPRegen  0.10/turn              (no ring)
                                (no ring)
                                (no ring)

@: no status effects
A: almost no armour, stealthy swim, amphibious, 8 rings, constrict 8, camouflage
1, gelatinous body 1
a: no special abilities


You were on level 4 of the Dungeon.
You were not hungry.

You visited 1 branch of the dungeon, and saw 4 of its levels.

You collected 145 gold pieces.

Inventory:

Hand Weapons
 a - a +1 long sword (weapon)
Missiles
 e - 2 throwing nets (quivered)
 h - 23 bolts
Armour
 b - a +0 shield (worn)
Jewellery
 c - a ring of ice (left tentacle)
 i - a cursed -3 ring of intelligence (right tentacle)
 n - a +2 ring of strength {unknown}
 o - an uncursed ring of see invisible
Wands
 j - a wand of flame (19)
Potions
 f - a potion of curing
 g - a potion of brilliance
 k - a potion of resistance
 m - a potion of degeneration
 p - a potion of heal wounds {unknown}
Comestibles
 d - 7 rations


   Skills:
 - Level 3.0 Fighting
 + Level 7.6 Long Blades
 - Level 3.0 Dodging
 - Level 3.0 Shields


You had 6 spell levels left.
You didn't know any spells.
Your spell library was empty.

Dungeon Overview and Level Annotations

Branches:
Dungeon (4/15)
 Temple: D:4-7

Altars:
Gozag
Nemelex Xobeh
Vehumet


Innate Abilities, Weirdness & Mutations

You cannot wear most types of armour.
You are very stealthy in the water. (Stealth+)
You are amphibious.
You can wear up to eight rings at the same time.
You can use your tentacles to constrict eight enemies at once.
Your skin changes colour to match your surroundings (Stealth+).
Your rubbery body absorbs attacks. (AC +1, EV +1)


Message History

You aren't carrying any scrolls.
Unknown command.
It was a potion of degeneration.
There was something very wrong with that liquid.
You feel weakened.
You feel dopey.
You feel clumsy.
You constrict the orc priest. The orc hits you with a hand axe.
* * * LOW HITPOINT WARNING * * *
The orc priest miscasts a cantrip.
The orc priest calls down the wrath of Beogh upon you.
Pain shoots through your body!
* * * LOW HITPOINT WARNING * * *
Unknown command.
You feel better.
You constrict the orc priest, but do no damage.
You block the orc's attack. The leopard gecko skeleton bites you.
* * * LOW HITPOINT WARNING * * *
The orc priest hits you.
* * * LOW HITPOINT WARNING * * *
The orc priest hits you with a hand axe.
You die...

*****,,,,,,,,,*,,,,,,****,
*,.........>..#..,,,,,,,,,
*,...............,,,*,,,,,
*,.............#**,,*,,***
*,.............#,,,,,,,*,,
**#............#,.,,,,,*,,
#......o....##..,,,,,***
#.....Zoo...........,,*,
#.....o@o##..........,*,
#....................#**
#.........##.........#,,
#.........##.........#,,
#.........##........####
**#.....)...##........#..#
*,....................#.)'
*,....................##†#
*,.....................#..


You could see 2 orc priests, 3 orcs and a leopard gecko skeleton.

Vanquished Creatures
  Edmund (D:4)
  A scorpion (D:3)
  A bullfrog zombie (D:2)
  A bullfrog skeleton (D:4)
  Crazy Yiuf (D:3)
  Natasha (thrice) (D:3)
  2 gnolls (D:4)
  5 adders
  An ooze (D:2)
  3 worms (D:3)
  A dart slug (D:1)
  A leopard gecko (D:1)
  5 orcs
  2 ball pythons
  7 giant cockroaches
  14 goblins
  13 hobgoblins
  3 jackals (D:4)
  2 quokkas
  11 bats
  A frilled lizard (D:2)
  12 kobolds
  6 rats
97 creatures vanquished.

Notes
Turn   | Place    | Note
-------+----------+-------------------------------------------
     0 | D:1      | poirepourri the Octopode Fighter began the quest for the Orb.
     0 | D:1      | Reached XP level 1. HP: 16/16 MP: 1/1
   163 | D:1      | Reached XP level 2. HP: 20/21 MP: 2/2
   239 | D:1      | Reached skill level 3 in Long Blades
   456 | D:1      | Reached XP level 3. HP: 26/26 MP: 3/3
   716 | D:2      | Found an opulent altar of Gozag.
   832 | D:2      | Reached skill level 4 in Long Blades
   869 | D:2      | Reached XP level 4. HP: 10/31 MP: 4/4
  1369 | D:2      | Found a radiant altar of Vehumet.
  1889 | D:3      | Reached skill level 5 in Long Blades
  1889 | D:3      | Reached XP level 5. HP: 36/36 MP: 5/5
  2429 | D:3      | Noticed Natasha
  2435 | D:3      | Killed Natasha
  2587 | D:3      | Found a sparkling altar of Nemelex Xobeh.
  2662 | D:3      | Noticed Natasha
  2667 | D:3      | Killed Natasha
  2667 | D:3      | Reached skill level 6 in Long Blades
  2667 | D:3      | Reached XP level 6. HP: 27/42 MP: 6/6
  2780 | D:3      | Found a runed door.
  2784 | D:3      | Noticed Crazy Yiuf
  2794 | D:3      | Killed Crazy Yiuf
  2913 | D:3      | Noticed Natasha
  2920 | D:3      | Killed Natasha
  3206 | D:4      | Noticed Edmund
  3216 | D:4      | Killed Edmund
  3216 | D:4      | Reached skill level 7 in Long Blades
  3260 | D:4      | Reached XP level 7. HP: 43/46 MP: 7/7
  3447 | D:4      | Slain by an orc priest

Vault maps used:
D:1:      dpeg_arrival_long_road, fountainhead
D:2:      nicolae_overflow_crystal_walls, nicolae_gozag_seed_capital
D:3:      nicolae_overflow_hidden_temple, first_ration, uniq_natasha,
          uniq_crazy_yiuf_cottage
D:4:      corexii_shantytown, uniq_menkaure, uniq_edmund

Skill      XL: |  1  2  3  4  5  6 |
---------------+-------------------+-----
Long Blades    | 3 4 5 6 7 |  7.6
Fighting       | |  3.0
Dodging        | |  3.0
Shields        | |  3.0

Action                   |  1- 3 |  4- 6 |  7- 9 || total
-------------------------+-------+-------+-------++-------
Melee: Long sword        |    59 |    87 |    35 ||   181
       Constrict         |    16 |    29 |    11 ||    56
       Tentacles         |    12 |    27 |    10 ||    49
Evoke: Wand              |       |     5 |       ||     5
  Use: Scroll            |     2 |     5 |     1 ||     8
       Potion            |     1 |     2 |     2 ||     5
 Stab: Sleeping          |     8 |     6 |     2 ||    16
  Eat: Ration            |       |     3 |       ||     3
Armor: Skin              |     7 |     6 |       ||    13
Dodge: Dodged            |    36 |    41 |    13 ||    90
Block: Shield            |    34 |    34 |    11 ||    79
       Rpst.: Long sword |    13 |    11 |     4 ||    28

Table legend:
 A = Spawn XP
 B = Non-spawn XP
 C = Spawn XP percentage of total XP
 D = Spawn monster count
 E = Non-spawn monster count
 F = Spawn count percentage of total count
 G = Total turns spent on level
                    A         B        C        D         E        F      G
               +---------+---------+-------+---------+---------+-------+---------
         Total |       0 |     712 |   0.0 |       0 |      97 |   0.0 |  3447
               +---------+---------+-------+---------+---------+-------+---------
           D:1 |       0 |      40 |   0.0 |       0 |      24 |   0.0 |   651
           D:2 |       0 |     123 |   0.0 |       0 |      23 |   0.0 |  1465
           D:3 |       0 |     250 |   0.0 |       0 |      18 |   0.0 |   991
           D:4 |       0 |     299 |   0.0 |       0 |      32 |   0.0 |   340
               +---------+---------+-------+---------+---------+-------+---------
